AoeStats
← thomas89671173

Nomad

508443989Analyzed
4v4 RM · 11d ago on Sep 22, 2026· 55m 5s· 8 players
Game mode
Random Map
Map size
231×231
Population
200
Speed
Normal
Resources
Standard
Victory
Conquest
Starting age
Dark Age
Ending age
Imperial Age
RankedLock teamsTeams togetherTeam positionsShared explorationLock speedFull tech treeHidden civsTurbo modeCheats
Victory
Defeat
🇨🇳 Mongols · China
1410
+15
🇦🇷 Italians · Argentina
1406
+15
🇵🇪 Spanish · Peru
1379
+16
🇹🇼 Wei · Taiwan
1356
+17
🇨🇳 Persians · China
1455
-19
🇨🇳 Vietnamese · China
1449
-18
🇨🇳 Mongols · China
1406
-17
🇨🇳 Spanish · China
1195
-9
给你一棒槌
13:05 Loom
15:08 Feudal Age
15:45 Fishing Lines
16:02 Double-Bit Axe
17:01 Fletching
22:27 Castle Age
23:55 Wheelbarrow
23:35 Bow Saw
23:22 Gillnets
23:52 Medium Warships
23:42 Bodkin Arrow
25:42 Clinker Construction
26:39 Hand Cart
26:36 Horse Collar
28:12 Gold Mining
28:13 Stone Mining
30:49 Stone Shaft Mining
33:45 Heavy Plow
36:31 Imperial Age
33:51 Treadmill Crane
34:54 Forging
34:52 Scale Barding Armor
35:38 Husbandry
35:48 Bloodlines
36:19 Chain Barding Armor
36:35 Iron Casting
36:34 Cavalier
37:55 Plate Barding Armor
39:14 Coinage
39:31 Heavy Warships
40:07 Two-Man Saw
42:33 Scale Mail Armor
42:57 Paper Money
43:46 Banking
43:11 Arson
43:26 Squires
43:28 Elite Fire Lancer
44:46 Chain Mail Armor
45:12 Guilds
44:58 Capped Ram
46:58 Siege Engineers
48:46 Elite Skirmisher
50:29 Pikeman
51:36 Halberdier
53:00 Padded Archer Armor
54:14 Plate Mail Armor
55:11 Fortified Wall
小弱鸡
6:11 Loom
14:34 Feudal Age
18:13 Castle Age
16:35 Double-Bit Axe
17:02 Town Watch
17:14 Fletching
19:45 Padded Archer Armor
19:33 Horse Collar
20:07 Bodkin Arrow
36:20 Ballistics
38:24 Wheelbarrow
40:28 Imperial Age
39:44 Bow Saw
39:37 Heavy Plow
44:49 Wheelbarrow
47:02 Bracer
47:17 Leather Archer Armor
47:53 Hand Cart
51:49 Conscription
51:40 Heavy Plow
53:14 Chemistry
52:10 Murder Holes
52:12 Gold Mining
52:14 Stone Mining
53:00 Bloodlines
52:52 Husbandry
54:30 Heavy Scorpion
种田使我快乐
16:44 Feudal Age
15:35 Loom
21:10 Castle Age
20:44 Fletching
20:55 Padded Archer Armor
23:24 Double-Bit Axe
23:23 Horse Collar
40:02 Imperial Age
37:37 Bodkin Arrow
37:36 Elite Skirmisher
肥肠拌面
3:09 Loom
12:49 Feudal Age
15:07 Fishing Lines
20:22 Castle Age
20:49 Double-Bit Axe
23:42 Bow Saw
24:27 Horse Collar
24:58 Gillnets
29:49 Imperial Age
27:35 Heavy Plow
29:03 Husbandry
29:15 Bloodlines
29:46 Gold Mining
30:14 Heavy Camel Rider
33:43 Scale Barding Armor
35:19 Gold Shaft Mining
35:55 Chain Barding Armor
37:23 Conscription
38:15 Plate Barding Armor
38:15 Stone Mining
39:12 Wheelbarrow
40:21 Cavalier
42:18 Stone Shaft Mining
42:32 Hand Cart
42:29 Savar
43:31 Guilds
45:20 Forging
48:22 Light Cavalry
thomas89671173
7:28 Loom
13:43 Feudal Age
14:33 Double-Bit Axe
14:42 Gold Mining
16:07 Forging
15:59 Fishing Lines
20:38 Wheelbarrow
22:29 Castle Age
23:58 Gillnets
24:18 Medium Warships
26:52 Hand Cart
33:51 Iron Casting
36:48 Imperial Age
35:30 Scale Barding Armor
36:11 Gold Shaft Mining
35:28 Stone Mining
38:10 Conscription
39:21 Blast Furnace
38:32 Town Watch
38:34 Pikeman
39:16 Squires
39:15 Halberdier
39:58 Scale Mail Armor
都挺好
4:16 Loom
13:33 Feudal Age
14:25 Double-Bit Axe
14:48 Gold Mining
19:24 Castle Age
18:41 Fletching
20:30 Bow Saw
20:36 Medium Warships
27:24 Wheelbarrow
27:14 Bodkin Arrow
28:34 Fishing Lines
30:40 Hand Cart
31:39 Gillnets
32:19 Stone Mining
37:47 Imperial Age
35:25 Horse Collar
37:04 Ballistics
36:26 Treadmill Crane
36:49 Padded Archer Armor
36:53 Heavy Plow
37:41 Stone Shaft Mining
39:36 Chemistry
38:58 Conscription
38:03 Elite Genoese Crossbowman
39:41 Town Watch
39:59 Bracer
40:14 Leather Archer Armor
40:54 Crop Rotation
41:26 Two-Man Saw
42:44 Ring Archer Armor
42:45 Conscription
43:01 Hoardings
42:39 Pirotechnia
43:25 Bombard Tower
43:17 Masonry
43:03 Murder Holes
45:14 Scale Barding Armor
45:10 Scale Mail Armor
45:20 Forging
46:10 Architecture
45:52 Fortified Wall
45:32 Guard Tower
45:28 Arrowslits
47:00 Squires
46:48 Arson
48:09 Thumb Ring
47:29 Pikeman
49:39 Silk Road
49:35 Chain Mail Armor
49:56 Iron Casting
49:42 Chain Barding Armor
50:00 Keep
49:16 Heated Shot
49:32 Siphons
49:47 Shipwright
49:38 Careening
49:39 Clinker Construction
52:22 Town Patrol
52:54 Plate Mail Armor
53:25 Blast Furnace
牛比无极限
5:01 Loom
14:20 Feudal Age
18:24 Castle Age
21:12 Double-Bit Axe
22:32 Wheelbarrow
22:27 Bow Saw
23:01 Fletching
25:02 Ballistics
30:28 Bodkin Arrow
30:51 Bloodlines
35:28 Imperial Age
34:45 Husbandry
35:33 Hand Cart
35:22 Horse Collar
36:43 Conscription
36:25 Bracer
36:26 Padded Archer Armor
38:35 Elite Mangudai
39:38 Leather Archer Armor
42:14 Chemistry
41:57 Thumb Ring
42:18 Parthian Tactics
41:56 Gold Mining
48:50 Drill
48:30 Nomads
49:33 Capped Ram
50:50 Siege Ram
lcastillov22
5:22 Loom
13:44 Feudal Age
16:14 Wheelbarrow
19:33 Castle Age
19:53 Fletching
20:03 Padded Archer Armor
19:55 Double-Bit Axe
21:12 Bow Saw
24:20 Hand Cart
23:48 Horse Collar
27:24 Fishing Lines
27:34 Town Watch
31:05 Stone Mining
31:06 Gold Mining
31:42 Heavy Plow
34:54 Imperial Age
33:55 Stone Shaft Mining
33:39 Scale Barding Armor
33:45 Forging
39:27 Two-Man Saw
38:50 Chain Barding Armor
39:06 Iron Casting
38:15 Cavalier
38:55 Husbandry
39:06 Bloodlines
39:12 Town Patrol
40:32 Plate Barding Armor
39:38 Paladin
42:34 Conscription
43:39 Blast Furnace
42:23 Light Cavalry
43:44 Bodkin Arrow
44:04 Leather Archer Armor
44:23 Hussar
45:42 Bracer
47:55 Murder Holes
49:13 Chemistry
48:33 Ballistics
50:09 Ring Archer Armor
50:38 Hoardings
54:30 Scale Mail Armor
54:05 Sappers
Connection lost

Rejoining the realm…

Still unreachable

The connection could not be restored.

Session expired

The server has moved on; the page needs a fresh start.